 Dungeon Crawl Stone Soup version 0.30-a0-923-g828ccac5a3 (webtiles) character file.

Game seed: 170686755192040403

126 Morbidden the Stinger (level 4, -2/31 (33) HPs)
             Began as a Demonspawn Venom Mage on Mar 22, 2023.
             Killed from afar by an orc wizard (6 damage)
             ... with a magic dart
             ... on level 3 of the Dungeon.
             The game lasted 00:03:24 (2051 turns).

Morbidden the Stinger (Demonspawn Venom Mage)       Turns: 2051, Time: 00:03:25

HP:   -2/31 (33)    AC:  2    Str:  9    XL:     4   Next: 83%
MP:   4/8           EV: 12    Int: 18    God:
Gold: 56            SH:  0    Dex: 15    Spells: 5/8 levels left

rFire   . . .      SeeInvis .    a - +0 dagger
rCold   . . .      Faith    .    (no shield)
rNeg    . . .      Spirit   .    n - +0 robe
rPois   .          Reflect  .    (no helmet)
rElec   .          Rampage  .    (no cloak)
rCorr   .                        (no gloves)
Will    .....                    (no boots)
Stlth   ++                       (no amulet)
HPRegen 0.25/turn                m - ring of flight
MPRegen 0.22/turn                (no ring)

@: confused, flying, drained, invisible
A: thin skeletal structure 1, magic regeneration
a: no special abilities


You were on level 3 of the Dungeon.
You visited 1 branch of the dungeon, and saw 3 of its levels.

You collected 56 gold pieces.

Inventory:

Hand Weapons
 a - a +0 dagger (weapon)
Armour
 n - a +0 robe (worn)
Jewellery
 m - a ring of flight (left hand)
Wands
 o - a wand of iceblast (6)
Scrolls
 c - 2 scrolls of fog {unknown}
 e - a scroll of vulnerability {unknown}
 f - 8 scrolls of identify {unknown}
 g - a scroll of blinking {unknown}
 h - a scroll of enchant armour {unknown}
 j - a scroll of torment {unknown}
Potions
 b - a potion of magic
 d - a potion of invisibility
 k - a potion of brilliance {unknown}
 l - a potion of curing {unknown}


   Skills:
 * Level 1.7 Fighting
 * Level 0.1 Short Blades
 * Level 1.4 Armour
 * Level 2.1 Dodging
 + Level 1.8 Stealth
 * Level 2.7 Spellcasting
 * Level 1.6 Transmutations
 * Level 0.2 Air Magic
 * Level 3.5 Poison Magic


You had 5 spell levels left.
You knew the following spells:

 Your Spells              Type           Power      Damage    Failure   Level
a - Sting                 Tmut/Pois      44%        1d5       6%          1
b - Poisonous Vapours     Pois/Air       18%        N/A       12%         2

Your spell library contained the following spells:

 Spells                   Type           Power      Damage    Failure   Level
 Lesser Beckoning         Tloc           4%         N/A       26%         2
 Mephitic Cloud           Conj/Pois/Air  7%         N/A       30%         3
 Olgreb's Toxic Radiance  Pois           15%        N/A       36%         4
 Gell's Gravitas          Tloc           2%         N/A       45%         3
 Portal Projectile        Hex/Tloc       4%         N/A       45%         3
 Teleport Other           Tloc           2%         N/A       45%         3
 Tukima's Dance           Hex            2%         N/A       45%         3
 Blade Hands              Tmut           4%         N/A       94%         5


Dungeon Overview and Level Annotations

Branches:
Dungeon (3/15)

Altars:


Innate Abilities, Weirdness & Mutations

You have a somewhat thin skeletal structure. (Dex +2, Stealth+)
You regenerate magic rapidly.


Message History

Casting: Sting (safe; 6% risk of failure)
Confirm with . or Enter, or press ? or * to list all spells.
Aiming: Sting (safe; 6% risk of failure)
Press: ? - help, Shift-Dir - straight line You are confused.
Unknown command.
You're too confused to cast spells.
Sorry, you're not good enough to have a special ability.
Unknown command.
You bump into the rock wall.
You bump into the rock wall.
You bump into the rock wall.
Your extra speed is starting to run out.
Unknown command.
You bump into the rock wall.
You're too confused to move!
An orc wizard appears from thin air!
Reactivating autopickup.
The orc wizard points at something and mumbles some strange words.
You are more confused.
You're too confused to cast spells.
Sorry, you're not good enough to have a special ability.
Unknown command.
Unknown command.
Unknown command.
The orc wizard closely misses you.
Unknown command.
You bump into the rock wall.
The orc wizard hits you with a +2 dagger of draining.
* * * LOW HITPOINT WARNING * * *
You feel drained.
Unknown command.
Unknown command.
You bump into the rock wall.
You feel yourself slow down.
Unknown command.
Unknown command.
You bump into the rock wall.
The orc wizard points at you and mumbles some strange words.
The magic dart hits you.
You die...

.##...~###~..{...#
.##.~..#~8#~.....#
.#~~####~~#......#
...~#~.~~#~~>###.#
..~#~~~..~.~.# #.#
..~'.~.~~#~~.# #.#
...'~..._#.~.# #†#
...'..~..#.~.# #o#
..~#.~~~~#...# #@#
...##~~~.#~... #.#
...~~#~#~~~~#..#.#
....~~~#.8#~##...#
..####.##~# .##..#
..# #~~ .. ...#
##..# ##.. #..


You could see an orc wizard (unable to see you).

Vanquished Creatures
  An orc wizard (D:3)
  4 adders
  A worm (D:2)
  3 dart slugs (D:2)
  3 orcs (D:3)
  11 bats
  8 endoplasms
  A giant cockroach (D:1)
  3 goblins
  6 hobgoblins
  A ball python (D:1)
  5 frilled lizards
  4 kobolds
  2 rats
  A spectral hobgoblin (D:3)
54 creatures vanquished.

Notes
Turn   | Place    | Note
-------+----------+-------------------------------------------
     0 | D:1      | Morbidden the Demonspawn Venom Mage began the quest for the
                  | Orb.
     0 | D:1      | Reached XP level 1. HP: 13/13 MP: 3/3
   281 | D:1      | Gained mutation: You regenerate magic rapidly. [demonic
                  | ancestry]
   281 | D:1      | Reached XP level 2. HP: 20/20 MP: 3/5
   364 | D:1      | Reached skill level 1 in Transmutations
   730 | D:1      | Learned a level 2 spell: Poisonous Vapours
  1100 | D:2      | Reached XP level 3. HP: 25/25 MP: 2/6
  1405 | D:2      | Reached skill level 1 in Fighting
  1559 | D:2      | Reached skill level 1 in Armour
  1655 | D:2      | Gained mutation: You have a somewhat thin skeletal
                  | structure. (Dex +2, Stealth+) [demonic ancestry]
  1655 | D:2      | Reached XP level 4. HP: 32/32 MP: 0/7
  1950 | D:3      | Found a faded altar of an unknown god.
  2051 | D:3      | Killed from afar by an orc wizard

Illustrated notes

Levels and vault maps discovered:
D:1:      onia_arrival_pyramid, layout_loops_ring, roderic_serpentine_path
D:2:      layout_rooms, small_statue_intersection
D:3:      layout_basic, mainiacjoe_overflow_catwalk,
          dreamdust_ecumenical_altar_drowned_temple, kennysheep_small_spiral,
          chequers_serial_rivers_large_a, uniq_ijyb

Skill      XL: |  1  2  3  4 |
---------------+-------------+-----
Transmutations | 1 |  1.6
Fighting       | 1 |  1.7
Armour         | 1 |  1.4
Dodging        | 2 |  2.1
Short Blades   | |  0.1
Stealth        | |  1.8
Spellcasting   | |  2.7
Air Magic      | |  0.2
Poison Magic   | |  3.5

Action                     |  1- 3 |  4- 6 || total
---------------------------+-------+-------++-------
  Melee: Unarmed           |    22 |       ||    22
         Dagger            |       |    19 ||    19
   Cast: Sting             |    94 |    20 ||   114
         Poisonous Vapours |     6 |     1 ||     7
    Use: Potion            |       |     2 ||     2
   Stab: Sleeping          |       |     1 ||     1
 Armour: Robe              |    17 |     2 ||    19
  Dodge: Dodged            |    41 |    14 ||    55

Table legend: (Time is in decaauts)
 A = Elapsed time spent in this place.
 B = Non-inter-level travel time spent in this place.
 C = Inter-level travel time spent in this place.
 D = Time resting spent in this place.
 E = Time spent auto-exploring this place.
 F = Levels seen in this place.
 G = Mean time per level.
                   A        B        C        D        E       F      G
               +--------+--------+--------+--------+--------+-----+--------+
         Total |   2036 |   1947 |     89 |    236 |   1354 |   3 |  678.7 |
       Dungeon |   2036 |   1947 |     89 |    236 |   1354 |   3 |  678.7 |
               +--------+--------+--------+--------+--------+-----+--------+

Top non-repeatable levels by time:
     D:1: 1281 daAuts
     D:2: 620 daAuts
     D:3: 135 daAuts
